 Dungeon Crawl Stone Soup version 0.31-a0-920-g28cbb04a8c (webtiles) character file.

Game seed: 13008237602175946695

480 omnomnOMINOUS the Trooper (level 7, -12/49 HPs)
             Began as an Octopode Wanderer on Oct 17, 2023.
             Was a Follower of Vehumet.
             Mangled by an ogre
             ... wielding a +0 giant spiked club
              (23 damage)
             ... on level 5 of the Dungeon.
             The game lasted 00:11:09 (3203 turns).

omnomnOMINOUS the Trooper (Octopode Wanderer)       Turns: 3203, Time: 00:11:10

Health: -12/49     AC:  1    Str:  9    XL:     7   Next: 11%
Magic:  10/10      EV:  2    Int: 13    God:    Vehumet [*.....]
Gold:   160        SH:  0    Dex: -5 (15) Spells: 3/10 levels left

rFire   . . .        a - +2 dagger
rCold   . . .        w - +0 buckler
rNeg    + . .        d - +0 hat
rPois   +            q - amulet of the acrobat
rElec   .            o - ring of see invisible
rCorr   .            u - ring of positive energy
SInv    +            (no ring)
Will    .....        (no ring) Stlth
                     (no ring)
HPRegen 0.28/turn    (no ring)
MPRegen 0.12/turn    (no ring)
                     (no ring)

%: acrobat
@: slowed, lost dexterity, very slow
A: almost no armour, amphibious, 8 rings, camouflage 2, gelatinous body 1,
(nimble swimmer 1), tentacles, clumsy 1, poison resistance
a: Renounce Religion


You were on level 5 of the Dungeon.
You worshipped Vehumet.
Vehumet was aware of your devotion.
You visited 1 branch of the dungeon, and saw 7 of its levels.

You collected 160 gold pieces.

Inventory:

Hand Weapons
 a - a +2 dagger (weapon)
 b - a +2 whip of venom
 c - a +0 falchion
 y - a +0 spear of freezing
Missiles
 p - a curare-tipped dart (quivered)
Armour
 d - a +0 hat (worn)
 w - a +0 buckler (worn)
Jewellery
 o - a ring of see invisible (left tentacle)
 q - an amulet of the acrobat (around mantle)
 u - a ring of positive energy (right tentacle)
 x - a ring of ice
Scrolls
 e - a scroll of summoning
 g - a scroll of vulnerability
 i - a scroll of blinking {unknown}
 k - a scroll of enchant armour
 l - a scroll of fear {unknown}
 n - a scroll of amnesia
 v - a scroll of brand weapon
Potions
 f - a potion of berserk rage {unknown}
 h - a potion of attraction
 m - a potion of ambrosia
 r - 2 potions of cancellation
 z - a potion of heal wounds {unknown}


   Skills:
 + Level 4.8 Fighting
 - Level 1.0 Long Blades
 - Level 3.0 Throwing
 + Level 3.5 Dodging
 - Level 4.0 Stealth
 + Level 2.4 Shields
 - Level 2.0 Spellcasting
 + Level 2.5 Conjurations


You had 3 spell levels left.
You knew the following spells:

 Your Spells              Type           Power      Damage    Failure   Level
a - Magic Dart            Conj           28%        1d4       14%         1
b - Searing Ray           Conj           14%        2d5       21%         2
c - Fulminant Prism       Conj/Hex       2%         3d5       92%         4

Your spell library contained the following spells:

 Spells                   Type           Power      Damage    Failure   Level
 Kiss of Death            Conj/Necr      16%        2d6       22%         1
 Vhi's Electric Charge    Tloc/Air       2%         N/A       98%         4
 Arcjolt                  Conj/Air       2%         1d12      99%         5
 Maxwell's Capacitive Co  Air            0%         ∞         100%        8


Dungeon Overview and Level Annotations

Branches:
Dungeon (7/15)
 Temple: D:4-7

Altars:
Ru
Vehumet
Xom


Innate Abilities, Weirdness & Mutations

You cannot wear most types of armour.
You are amphibious.
You can wear up to eight rings at the same time.
Your skin blends seamlessly with your surroundings (Stealth++).
Your rubbery body absorbs attacks. (AC +1, EV +1)
((You are camouflaged when in or above water. (Stealth+)))
You have tentacles for arms and can constrict up to eight enemies at once.
You are clumsy. (Dex -2)
Your system is resistant to poisons. (rPois)


Message History

You start resting.
You hear the slow rusting of a drain nearby.
You open the door.
There is an open door here.
Found a ring of see invisible.
Found a fizzy brown potion.
Found a sacrificial altar of Ru.
You see here a ring of see invisible.
You hear the slow rusting of a drain nearby.
f - a fizzy brown potion
There is an open door here.
Found a stone staircase leading up.
You open the door.
There is an open door here.
Found a radiant altar of Vehumet.
You hear the slow rusting of a very distant drain.
An ogre comes into view. It is wielding a +0 giant spiked club.
Throw: 2 darts (curare)
Press: ? - help, Q - select action, (/) - cycle Shift-Dir - straight line, f - ogre
Aim: an ogre, wielding a +0 giant spiked club (65% to hit)
You throw a curare-tipped dart. The curare-tipped dart hits the ogre.
The ogre is poisoned.
The ogre convulses.
The ogre seems to slow down.
The ogre is moderately wounded.
You hit the ogre but do no damage.
The ogre is moderately wounded.
The ogre barely misses you.
You hit the ogre.
The ogre is moderately wounded.
The ogre hits you with a +0 giant spiked club!
You hit the ogre. Your squeeze misses the ogre.
The ogre is heavily wounded.
The ogre hits you with a +0 giant spiked club!!
Ouch! That really hurt!
* * * LOW HITPOINT WARNING * * *
You hit the ogre.
The ogre is severely wounded.
You closely miss the ogre. You squeeze the ogre.
The ogre is almost dead.
The ogre hits you with a +0 giant spiked club!!
You die...

### ###### ..###
###....## ....##
##.....^.# #....#
#....###.##
###..####..###....#
..##..##..##......#
...#..##..#..._...#
..##..##..##......#
###..'##'..###..@.#
#....#..#....###O##
....##..##.....(.#
..###....###....##
####.......######
..####........
..#....#......<
......##.....#.
..##...##....#


You could see an ogre (poisoned, slow).

Vanquished Creatures
  A quasit (D:7)
  An orc priest (D:4)
  A hound (D:4)
  Robin (D:3)
  4 gnolls
  A shadow imp (D:6)
  3 white imps
  2 ufetubi (D:6)
  3 dart slugs
  5 orcs
  8 ball pythons
  5 endoplasms
  A giant cockroach (D:3)
  19 goblins
  7 hobgoblins
  3 jackals (D:1)
  3 quokkas
  4 bats
  14 frilled lizards
  9 kobolds
  6 rats
101 creatures vanquished.

Vanquished Creatures (collateral kills)
  Grinder (D:4)
1 creature vanquished.

Grand Total: 102 creatures vanquished

Notes
Turn   | Place    | Note
-------+----------+-------------------------------------------
     0 | D:1      | omnomnOMINOUS the Octopode Wanderer began the quest for the
                  | Orb.
     0 | D:1      | omnomnOMINOUS set off with the following items: a +2
                  | dagger, 3 curare-tipped darts, a +0 falchion, a +0 hat, a
                  | scroll of summoning.
     0 | D:1      | Reached XP level 1. HP: 16/16 MP: 1/1
   143 | D:1      | Reached XP level 2. HP: 9/21 MP: 2/2
   356 | D:1      | Reached skill level 1 in Dodging
   436 | D:1      | Reached skill level 1 in Spellcasting
   852 | D:1      | Reached XP level 3. HP: 24/26 MP: 4/4
  1388 | D:2      | Reached XP level 4. HP: 33/33 MP: 6/6
  1720 | D:3      | Noticed Robin
  1722 | D:3      | Killed Robin
  1957 | D:3      | Found a faded altar of an unknown god.
  1971 | D:3      | Prayed at the altar of an unknown god.
  1971 | D:3      | Became a worshipper of Vehumet
  1971 | D:3      | Reached * piety under Vehumet
  1971 | D:3      | Offered knowledge of Kiss of Death by Vehumet.
  1974 | D:3      | Learned a level 1 spell: Kiss of Death
  2097 | D:3      | Found a shimmering altar of Xom.
  2239 | D:3      | Reached XP level 5. HP: 37/37 MP: 8/8
  2612 | D:4      | Learned a level 1 spell: Magic Dart
  2615 | D:4      | Learned a level 2 spell: Searing Ray
  2620 | D:4      | Learned a level 4 spell: Fulminant Prism
  2699 | D:4      | Noticed Grinder
  2705 | D:4      | Paralysed by Grinder for 2 turns
  2711 | D:4      | Killed Grinder
  2712 | D:4      | Reached XP level 6. HP: 12/44 MP: 4/9
  2872 | D:4      | You fall into a shaft and drop 3 floors!
  2952 | D:6      | Reached XP level 7. HP: 41/49 MP: 10/10
  2978 | D:7      | Gained mutation: Your body sometimes deteriorates upon
                  | taking damage. [potion of mutation]
  2978 | D:7      | Gained mutation: You are clumsy. (Dex -2) [potion of
                  | mutation]
  2981 | D:7      | Lost dexterity.
  3060 | D:5      | Entered Level 5 of the Dungeon
  3065 | D:5      | Lost mutation: Your body sometimes deteriorates upon taking
                  | damage. [potion of mutation]
  3065 | D:5      | Lost mutation: You are clumsy. (Dex -2) [potion of
                  | mutation]
  3065 | D:5      | Gained mutation: Your skin blends seamlessly with your
                  | surroundings (Stealth++). [potion of mutation]
  3065 | D:5      | Gained mutation: Your system is resistant to poisons.
                  | (rPois) [potion of mutation]
  3065 | D:5      | Gained mutation: You are clumsy. (Dex -2) [potion of
                  | mutation]
  3158 | D:5      | Found a sacrificial altar of Ru.
  3191 | D:5      | Found a radiant altar of Vehumet.
  3203 | D:5      | Mangled by an ogre

Illustrated notes

Levels and vault maps discovered:
D:1:      evilmike_arrival_rings, layout_basic, minmay_split_cup_large
D:2:      kennysheep_the_goblin_king, layout_basic, minmay_lizard_pond
D:3:      layout_loops_corners, xom_teletrap_fun,
          shapermc_ecumenical_altar_acropolis, grunt_decor_fettered, uniq_robin
D:4:      cheibrodos_old_hovel, layout_cave_pools,
          nicolae_ossuary_entry_catacombs, corexii_hall_statues_s, uniq_grinder,
          uniq_sigmund
D:5:      layout_cave_pools, nicolae_overflow_hallway_of_the_gods,
          nicolae_hepliaklqana_hazy_memory, kennysheep_mini_moat,
          mainiacjoe_overflow_two_lobes, minmay_temple_entry_overgrown,
          portal_sewer_entry_a, nicolae_shop_gadgets, uniq_eustachio
D:6:      layout_rooms, serial_demonic, serial_demonic_c, serial_demonic_a,
          serial_demonic_e, serial_demonic_a
D:7:      layout_basic

Skill      XL: |  1  2  3  4  5 |
---------------+----------------+-----
Dodging        | 1 2 3 |  3.5
Spellcasting   | 1 2 |  2.0
Fighting       | 4 |  4.8
Shields        | 2 |  2.4
Conjurations   | 2 |  2.5
Long Blades    | |  1.0
Throwing       | |  3.0
Stealth        | |  4.0

Action                     |  1- 3 |  4- 6 |  7- 9 || total
---------------------------+-------+-------+-------++-------
  Melee: Dagger            |    97 |    79 |    19 ||   195
         Constrict         |    29 |    24 |     3 ||    56
         Tentacles         |    14 |    16 |     5 ||    35
  Throw: Dart              |       |     1 |     1 ||     2
   Cast: Searing Ray       |       |     1 |     4 ||     5
         Magic Dart        |       |       |     3 ||     3
    Use: Scroll            |       |     5 |       ||     5
         Potion            |       |       |     9 ||     9
   Stab: Sleeping          |    13 |    11 |       ||    24
         Distracted        |       |     1 |       ||     1
 Armour: Skin              |    39 |    24 |   113 ||   176
  Dodge: Dodged            |    69 |    32 |    48 ||   149
  Block: Buckler           |       |     5 |     9 ||    14

Table legend: (Time is in decaauts)
 A = Elapsed time spent in this place.
 B = Non-inter-level travel time spent in this place.
 C = Inter-level travel time spent in this place.
 D = Time resting spent in this place.
 E = Time spent auto-exploring this place.
 F = Levels seen in this place.
 G = Mean time per level.
                   A        B        C        D        E       F      G
               +--------+--------+--------+--------+--------+-----+--------+
         Total |   3312 |   3074 |    238 |    350 |   1844 |   7 |  473.1 |
       Dungeon |   3312 |   3074 |    238 |    350 |   1844 |   7 |  473.1 |
               +--------+--------+--------+--------+--------+-----+--------+

Top non-repeatable levels by time:
     D:3: 1011 daAuts
     D:1: 960 daAuts
     D:2: 679 daAuts
     D:4: 218 daAuts
     D:5: 214 daAuts
     D:7: 166 daAuts
     D:6: 62 daAuts
